[Event "*** SCC Grand Prix: Titled Tuesday Blitz"]
[Site "Chess.com"]
[Date "2020.08.11"]
[Round "1"]
[White "killer311"]
[Black "rasmussvane"]
[Result "0-1"]
[WhiteElo "2427"]
[BlackElo "2884"]
[TimeControl "180+1"]
[EndTime "10:01:40 PDT"]
[Termination "rasmussvane won by resignation"]

1. d4 d5 2. c4 e6 3. e3 Nf6 4.
Nf3 Be7 5. Nc3 O-O 6. cxd5 exd5 7. Bd3 c6 8. Ne5 c5 9. O-O Nc6 10. Bc2 Be6 11. f4 cxd4 12. exd4 Qb6 13. Be3 Qxb2 14.
Nb5 Qxb5 0-1

[Event "*** SCC Grand Prix: Titled Tuesday Blitz"]
[Site "Chess.com"]
[Date "2020.08.11"]
[Round "1"]
[White "ClydeHillKid"]
[Black "YoreDea"]
[Result "1-0"]
[WhiteElo "2309"]
[BlackElo "2625"]
[TimeControl "180+1"]
[EndTime "10:02:17 PDT"]
[Termination "ClydeHillKid won by resignation"]

1. e4 c5 2. Nf3 Nc6 3. d4 cxd4 4. Nxd4 Nf6 5. Nc3 d6 6. Bc4 Qb6 7. Ndb5 a6 8. Be3 Qa5 9. Nd4 Nxe4 10. Qf3 Nxc3 11. Nxc6 bxc6 12. Qxc6+ 1-0

[Event "*** SCC Grand Prix: Titled Tuesday Blitz"]
[Site "Chess.com"]
[Date "2020.08.11"]
[Round "1"]
[White "rugbyclub"]
[Black "Alex_Belezky"]
[Result "0-1"]
[WhiteElo "2173"]
[BlackElo "2541"]
[TimeControl "180+1"]
[EndTime "10:02:18 PDT"]
[Termination "Alex_Belezky won by resignation"]

1. c4 Nf6 2. Nc3 g6 3. e4 d6 4.
d4 Bg7 5. Be2 O-O 6. Nf3 c6 7.
O-O a6 8. a4 a5 9. Bg5 Na6 10.
h3 Nd7 11. Qd2 Nb4 12. Rfd1 Re8 13. Rac1 Qc7 14. Bf4 e5 15. dxe5 dxe5 16. Bg3 Nc5 17. Ne1 Nb3 18. Nc2 Nxd2 0-1

[Event "*** SCC Grand Prix: Titled Tuesday Blitz"]
[Site "Chess.com"]
[Date "2020.08.11"]
[Round "1"]
[White "lucachess49"]
[Black "enriquebutti"]
[Result "1-0"]
[WhiteElo "2457"]
[BlackElo "1805"]
[TimeControl "180+1"]
[EndTime "10:02:29 PDT"]
[Termination "lucachess49 won by resignation"]

1. d4 Nf6 2. c4 e6 3. Nc3 c5 4. d5 exd5 5. cxd5 d6 6. Bf4 g6 7. e3 a6 8. a4 Bg7 9. Nf3 O-O 10. h3 Nh5 11. Bh2 f5 12. Be2 f4 13.
O-O Nd7 14. Nd2 fxe3 15. fxe3 Qe7 16. Rxf8+ Nxf8 17. Nc4 1-0

[Event "*** SCC Grand Prix: Titled Tuesday Blitz"]
[Site "Chess.com"]
[Date "2020.08.11"]
[Round "1"]
[White "Jadeit90"]
[Black "lucasmito"]
[Result "0-1"]
[WhiteElo "2247"]
[BlackElo "2602"]
[TimeControl "180+1"]
[EndTime "10:02:51 PDT"]
[Termination "lucasmito won by resignation"]

1. c4 e6 2. g3 d5 3. Bg2 Nf6 4. cxd5 exd5 5. Nf3 Be7 6. O-O O-O 7. d4 c6 8. Nc3 Bg4 9. Ne5 Bf5 10. Qb3 Qb6 11. Qxb6 axb6 12. Bd2 Nbd7 13. Nxd7 Nxd7 14. e4 dxe4 15.
Nxe4 Nf6 16. Nxf6+ Bxf6 17. Bc3 Rfd8 18. Rfd1 Be6 19. a3 Rd7 20. Rd2 Rad8 21. Rad1 Bb3 22.
Re1 g6 23. Re4 c5 24. Rf4 Bg5 0-1

[Event "*** SCC Grand Prix: Titled Tuesday Blitz"]
[Site "Chess.com"]
[Date "2020.08.11"]
[Round "1"]
[White "CroissantNeuf"]
[Black "FairChess_on_YouTube"]
[Result "0-1"]
[WhiteElo "2447"]
[BlackElo "2987"]
[TimeControl "180+1"]
[EndTime "10:03:05 PDT"]
[Termination "FairChess_on_YouTube won by resignation"]

1. e4 g6 2. d4 Bg7 3. Nf3 d6 4. Bd3 Nc6 5. c3 e5 6. h3 Nf6 7.
O-O O-O 8. Re1 Re8 9. d5 Ne7 10.
c4 Nd7 11. Nc3 a5 12. Be3 f5 13. Ng5 Nf8 14. exf5 gxf5 15. f4 h6 16. Ne6 Nxe6 17.
fxe5 dxe5 18. dxe6 Bxe6 19. Qe2 Nc6 20. Rad1 Nd4 21.
Qh5 Bf7 0-1

[Event "*** SCC Grand Prix: Titled Tuesday Blitz"]
[Site "Chess.com"]
[Date "2020.08.11"]
[Round "1"]
[White "kidagent"]
[Black "Meri-Arabidze"]
[Result "0-1"]
[WhiteElo "2269"]
[BlackElo "2615"]
[TimeControl "180+1"]
[EndTime "10:03:18 PDT"]
[Termination "Meri-Arabidze won by resignation"]

1. e4 c5 2. Nf3 e6 3. d4 cxd4 4. Nxd4 Nc6 5. Nc3 a6 6. Be3 d6 7. g3 Nf6 8. Bg2 Bd7 9. O-O Be7 10. h3 O-O 11. f4 Nxd4 12. Bxd4 Bc6 13. g4 Rc8 14. g5 Nd7 15. Qd2 e5 16. Be3 exf4 17.
Bxf4 Ne5 18. Nd5 Bxd5 19. exd5 Qb6+ 20. Kh2 Qxb2 21. Rab1 Qxc2 22. Rxb7 Qxd2 23. Bxd2 Rfe8 24. Ra7 Rc2 25. Bf4 Rxa2 26. Bxe5 dxe5 27. d6 Bxd6 28. Rfxf7 e4+ 0-1

[Event "*** SCC Grand Prix: Titled Tuesday Blitz"]
[Site "Chess.com"]
[Date "2020.08.11"]
[Round "1"]
[White "Benjoneliere44"]
[Black "Karina_Ivanova"]
[Result "1-0"]
[WhiteElo "2591"]
[BlackElo "2235"]
[TimeControl "180+1"]
[EndTime "10:03:18 PDT"]
[Termination "Benjoneliere44 won by resignation"]

1. e4 c6 2. Nc3 d5 3. Nf3 Bg4 4. h3 Bxf3 5. Qxf3 e6 6. d3 Nd7 7. a3 Ngf6 8. Qe2 Bd6 9. g3 Qc7 10. Bg2 O-O 11. O-O a5 12. f4 dxe4 13. Nxe4 Nxe4 14.
dxe4 e5 15. f5 f6 16. g4 Rad8 17. g5 fxg5 18. Bxg5 Nf6 19. Rad1 Bc5+ 20. Kh1 Rxd1 21. Rxd1 Rd8 22. Rxd8+ Qxd8 23. Qc4+ Kh8 24. Qxc5 1-0

[Event "*** SCC Grand Prix: Titled Tuesday Blitz"]
[Site "Chess.com"]
[Date "2020.08.11"]
[Round "1"]
[White "pfalcon1949"]
[Black "aa175"]
[Result "0-1"]
[WhiteElo "1967"]
[BlackElo "2474"]
[TimeControl "180+1"]
[EndTime "10:03:22 PDT"]
[Termination "aa175 won by resignation"]

1. d4 e5 2. c4 exd4 3. Nf3 Bb4+ 4. Bd2 Bxd2+ 5. Qxd2 c5 6. e3 dxe3 7. Qxe3+ Qe7 8.
Qxe7+ Nxe7 9. Nc3 O-O 10. O-O-O Nbc6 11. Bd3 b6 12. Rhe1 Bb7 13. a3 Rfe8 14. b3 Ng6 15.
Kb2 Nf4 16. Rxe8+ Rxe8 17. Bf1 Nb8 18. Nd5 Bxd5 19. cxd5 d6 20. Bb5 Re7 21. Rd2 a6 22.
Bf1 Nd7 23. g3 Ng6 24. Bh3 Nf6 25. Bf5 Ne5 26. Bc8 Nxf3 0-1

[Event "*** SCC Grand Prix: Titled Tuesday Blitz"]
[Site "Chess.com"]
[Date "2020.08.11"]
[Round "1"]
[White "chargemax23"]
[Black "UKR_Master"]
[Result "1-0"]
[WhiteElo "2646"]
[BlackElo "2300"]
[TimeControl "180+1"]
[EndTime "10:03:27 PDT"]
[Termination "chargemax23 won by resignation"]

1. c4 Nf6 2. Nc3 c5 3. Nf3 b6 4. e4 d6 5. d4 cxd4 6. Nxd4 Bb7 7. f3 g6 8. Be3 Bg7 9. Qd2 Nbd7 10. Be2 Rc8 11. O-O Ne5 12. b3 Nc6 13. Rfd1 O-O 14. Bf1 Nb8 15. Rac1 Nbd7 16. Bh6 Re8 17. Bxg7 Kxg7 18.
Qg5 Qc7 19. Nd5 Qc5 20. b4 h6 21. Qxf6+ exf6 22. bxc5 dxc5 23. Nb5 Re6 24. Nxa7 Ra8 25. Nc7 1-0

[Event "*** SCC Grand Prix: Titled Tuesday Blitz"]
[Site "Chess.com"]
[Date "2020.08.11"]
[Round "1"]
[White "MF1966Idrisov"]
[Black "crescentmoon2411"]
[Result "0-1"]
[WhiteElo "2387"]
[BlackElo "2765"]
[TimeControl "180+1"]
[EndTime "10:03:29 PDT"]
[Termination "crescentmoon2411 won by resignation"]

1. Nf3 Nf6 2. b3 g6 3. Bb2 Bg7 4. c4 O-O 5. g3 d6 6. d4 c5 7. Bg2 Nc6 8. O-O Bg4 9. d5 Bxf3 10.
exf3 Nd4 11. Bxd4 cxd4 12. Nd2 a5 13. Ne4 Nxe4 14. fxe4 Qb6 15. Qd3 a4 16. Rab1 axb3 17.
Rxb3 Qc7 18. Rfb1 Rfb8 19. a3 b6 20. h4 h5 21. Bf3 Ra4 22. Rb5 Rxc4 23. Rxb6 Rxb6 24.
Rxb6 Rc1+ 0-1

[Event "*** SCC Grand Prix: Titled Tuesday Blitz"]
[Site "Chess.com"]
[Date "2020.08.11"]
[Round "1"]
[White "wild_cat99"]
[Black "ItsCheckM8Mate"]
[Result "0-1"]
[WhiteElo "2634"]
[BlackElo "2320"]
[TimeControl "180+1"]
[EndTime "10:03:43 PDT"]
[Termination "ItsCheckM8Mate won by resignation"]

1. Nf3 d5 2. e3 g6 3. c4 Nf6 4.
Nc3 Bg7 5. b3 O-O 6. Bb2 c5 7. d4 cxd4 8. exd4 Nc6 9. c5 e5 10.
Bc4 dxc4 11. bxc4 exd4 12. Nb5 Re8+ 13. Kf1 Ne4 14. Nbxd4 Nxd4 15. Nxd4 Nxc5 16. h4 Be6 17. Nxe6 Qxd1+ 18. Rxd1 Nxe6 0-1

[Event "*** SCC Grand Prix: Titled Tuesday Blitz"]
[Site "Chess.com"]
[Date "2020.08.11"]
[Round "1"]
[White "Makswolf200817"]
[Black "amintabatabaei"]
[Result "0-1"]
[WhiteElo "2450"]
[BlackElo "3031"]
[TimeControl "180+1"]
[EndTime "10:03:44 PDT"]
[Termination "amintabatabaei won by resignation"]

1. Nf3 c5 2. c4 Nf6 3. Nc3 d5 4. cxd5 Nxd5 5. e3 e6 6. d4 cxd4 7.
exd4 Bb4 8. Qc2 Nc6 9. Bd3 Ba5 10.
a3 Nxc3 11. bxc3 Nxd4 12. Nxd4 Qxd4 13. Bd2 Qe5+ 14. Be2 O-O 15. Rb1 Bd7 16. f4 Qc5 17. a4 Bc6 18. Bd3 h6 19. h4 Rfd8 20. h5 Rd6 21.
Rh3 Qg1+ 0-1

[Event "*** SCC Grand Prix: Titled Tuesday Blitz"]
[Site "Chess.com"]
[Date "2020.08.11"]
[Round "1"]
[White "Aguiar94"]
[Black "MoreChessJulia"]
[Result "1-0"]
[WhiteElo "2462"]
[BlackElo "1855"]
[TimeControl "180+1"]
[EndTime "10:03:45 PDT"]
[Termination "Aguiar94 won by resignation"]

1. e4 g6 2. d4 Bg7 3. Nc3 c5 4. dxc5 Bxc3+ 5. bxc3 Qa5 6. Bd3 Qxc3+ 7. Bd2 Qxc5 8. Nf3 Nc6 9. O-O d6 10. h3 Nf6 11. Rb1 a6 12. Re1 O-O 13. Qc1 Ne5 14. Nxe5 dxe5 15. Be3 Qc6 16. Qb2 Nd7 17. f3 f6 18. Red1 b5 19. Bf1 Bb7 20. c4 Rfb8 21.
cxb5 axb5 22. Bxb5 Qc7 23. Rxd7 1-0

[Event "*** SCC Grand Prix: Titled Tuesday Blitz"]
[Site "Chess.com"]
[Date "2020.08.11"]
[Round "1"]
[White "Tssunami"]
[Black "praveenb2002"]
[Result "0-1"]
[WhiteElo "2388"]
[BlackElo "2768"]
[TimeControl "180+1"]
[EndTime "10:03:52 PDT"]
[Termination "praveenb2002 won by resignation"]

1. c4 Nf6 2. Nc3 g6 3. Nf3 Bg7 4. b3 O-O 5. Bb2 d6 6. e3 e5 7. Be2 e4 8. Ng5 h6 9. Nh3 Bxh3 10. gxh3 Re8 11. Qc2 Nc6 12. a3 d5 13. O-O-O d4 14.
exd4 Nxd4 15. Qb1 Nxb3+ 16. Kc2 Nd4+ 17. Kc1 Nd7 18. Qa2 Nc5 19. Kb1 Nxe2 20. Nxe2 Qd3+ 21. Ka1 Nb3+ 0-1

[Event "*** SCC Grand Prix: Titled Tuesday Blitz"]
[Site "Chess.com"]
[Date "2020.08.11"]
[Round "1"]
[White "FabianoCaruana"]
[Black "Angel_Hranitel_37"]
[Result "1-0"]
[WhiteElo "3009"]
[BlackElo "2448"]
[TimeControl "180+1"]
[EndTime "10:03:58 PDT"]
[Termination "FabianoCaruana won by resignation"]

1. d4 Nf6 2. Nf3 g6 3. c4 Bg7 4. g3 O-O 5. Bg2 d6 6. O-O Nc6 7. Nc3 Bf5 8. Bg5 Ne4 9. Nxe4 Bxe4 10. d5 Na5 11. Qa4 c5 12. Bd2 b6 13. b3 e6 14.
dxe6 fxe6 15. Rad1 Bb2 16. Ng5 Bxg2 17. Kxg2 Qe7 18. Nf3 Rad8 19. Bxa5 bxa5 20. Qc6 e5 21. Qe4 a4 22. bxa4 Kg7 23. Rd3 Rb8 24. Rfd1 Rfd8 25. h4 h5 26. Ng5 Rb6 27. Qd5 Re8 28. Rf3 Kh8 29. Rf7 1-0

[Event "*** SCC Grand Prix: Titled Tuesday Blitz"]
[Site "Chess.com"]
[Date "2020.08.11"]
[Round "1"]
[White "KuzubovYuriy"]
[Black "lelajavakhishvili"]
[Result "1-0"]
[WhiteElo "2828"]
[BlackElo "2406"]
[TimeControl "180+1"]
[EndTime "10:03:58 PDT"]
[Termination "KuzubovYuriy won by resignation"]

1. d4 Nf6 2. c4 e6 3. Nf3 b6 4.
g3 Bb7 5. Bg2 g6 6. O-O Bg7 7.
Qc2 O-O 8. Nc3 d5 9. cxd5 exd5 10. Bf4 Na6 11. Rac1 Re8 12. Rfd1 c6 13. Ne5 Nh5 14.
Bd2 c5 15. e3 Rc8 16. Qa4 cxd4 17. exd4 Rc4 18. Nxc4 1-0

[Event "*** SCC Grand Prix: Titled Tuesday Blitz"]
[Site "Chess.com"]
[Date "2020.08.11"]
[Round "1"]
[White "ChessicallyInclined"]
[Black "szefru"]
[Result "1-0"]
[WhiteElo "2504"]
[BlackElo "2110"]
[TimeControl "180+1"]
[EndTime "10:03:59 PDT"]
[Termination "ChessicallyInclined won by resignation"]

1. d4 f5 2. Bg5 Nf6 3. Bxf6 exf6 4. e3 Nc6 5. c4 d5 6. cxd5 Qxd5 7. Nc3 Bb4 8. Nh3 O-O 9. Nf4 Qf7 10. h4 g5 11.
hxg5 fxg5 12. Nh5 Be6 13. a3 Bxc3+ 14. bxc3 Bc4 15. Rb1 Bxf1 16. Kxf1 Qc4+ 17. Kg1 b6 18. Qd2 Rae8 19. e4 f4 20. e5 Qd5 21. Qc2 Qf7 22. Nf6+ 1-0

[Event "*** SCC Grand Prix: Titled Tuesday Blitz"]
[Site "Chess.com"]
[Date "2020.08.11"]
[Round "1"]
[White "exoticprincess"]
[Black "Novoselski"]
[Result "1-0"]
[WhiteElo "2829"]
[BlackElo "2406"]
[TimeControl "180+1"]
[EndTime "10:04:00 PDT"]
[Termination "exoticprincess won by resignation"]

1. b3 d5 2. Bb2 Bg4 3. f3 Bf5 4. e3 c6 5. Nc3 Nf6 6. d4 e6 7.
g4 Bg6 8. h4 h6 9. Bd3 Bxd3 10.
Qxd3 Bd6 11. Nge2 b5 12. O-O-O a5 13. Kb1 a4 14. g5 Nfd7 15. g6 f5 16. e4 O-O 17. e5 Be7 18. Nf4 axb3 19. cxb3 Nb6 20. Nxe6 Qc8 21. Nxf8 Qxf8 22. Rc1 Na6 23. Rh2 Nb4 24. Qd1 f4 25. Rd2 Qf5+ 26. Ka1 Bxh4 27. a3 Be7 28. Na2 Nxa2 29. Kxa2 Bxa3 30. Bxa3 b4 31.
Rxc6 Nd7 32. Kb2 bxa3+ 33. Ka2 Nf8 34. Qc2 Qh3 35. Rf2 Qg3 36. Rd6 Nxg6 37. Rxg6 1-0

[Event "*** SCC Grand Prix: Titled Tuesday Blitz"]
[Site "Chess.com"]
[Date "2020.08.11"]
[Round "1"]
[White "Carnivoras"]
[Black "140mariam"]
[Result "1-0"]
[WhiteElo "2651"]
[BlackElo "2305"]
[TimeControl "180+1"]
[EndTime "10:04:03 PDT"]
[Termination "Carnivoras won by resignation"]

1. d4 e6 2. c4 d5 3. Nc3 Be7 4.
Nf3 Nf6 5. cxd5 exd5 6. Bg5 c6 7. Qc2 Bg4 8. Ne5 Bh5 9. e3 Bg6 10. Nxg6 hxg6 11. Bd3 Nbd7 12. a3 Qc7 13. Rc1 Rxh2 14.
Ke2 Rxh1 15. Rxh1 O-O-O 16. b4 Re8 17. Rc1 Kb8 18. Nb5 Qb6 19. Bf4+ Ka8 20. Nc7+ 1-0

[Event "*** SCC Grand Prix: Titled Tuesday Blitz"]
[Site "Chess.com"]
[Date "2020.08.11"]
[Round "1"]
[White "MarceloPlaya"]
[Black "12teen"]
[Result "0-1"]
[WhiteElo "2333"]
[BlackElo "2676"]
[TimeControl "180+1"]
[EndTime "10:04:10 PDT"]
[Termination "12teen won by resignation"]

1. e4 b6 2. d4 Bb7 3. Nc3 e6 4. Be3 Bb4 5. Bd3 Nf6 6. f3 d5 7. e5 Nfd7 8. Qd2 c5 9. O-O-O c4 10. Bf1 a6 11. Nge2 b5 12. Kb1 Be7 13. Nc1 Qa5 14.
Bg5 Bb4 15. N1e2 Nc6 16. h4 h6 17. Bf4 Be7 18. Nc1 b4 19. N3e2 Nb6 20. g4 c3 21. bxc3 Nc4 22. Qd3 Qa3 0-1

[Event "*** SCC Grand Prix: Titled Tuesday Blitz"]
[Site "Chess.com"]
[Date "2020.08.11"]
[Round "1"]
[White "dpopadic"]
[Black "SantoBlue"]
[Result "0-1"]
[WhiteElo "2422"]
[BlackElo "2873"]
[TimeControl "180+1"]
[EndTime "10:04:15 PDT"]
[Termination "SantoBlue won by resignation"]

1. e4 d6 2. Nc3 Nf6 3. f4 c5 4. Nf3 g6 5. Bb5+ Bd7 6. Bc4 Bg7 7. d3 O-O 8. O-O Nc6 9. h3 Na5 10. Bb3 Nxb3 11. axb3 Bc6 12. Qe1 d5 13. e5 Ne8 14.
e6 f6 15. Qh4 Nd6 16. g4 d4 17. Na4 b6 18. Bd2 Qc8 19. Rae1 Bxf3 20. Rxf3 b5 21.
f5 bxa4 22. bxa4 Qb7 23. Rf2 Qxb2 24. Bh6 g5 25. Qh5 Qb4 26. Ref1 Qxa4 27. h4 Qe8 28. Qxe8 Rfxe8 29. hxg5 Bxh6 30. gxh6 Kh8 31. Kh2 a5 32. Ra1 a4 33. Ra2 a3 34. Rf1 Nb5 35.
Rfa1 Ra7 0-1

[Event "*** SCC Grand Prix: Titled Tuesday Blitz"]
[Site "Chess.com"]
[Date "2020.08.11"]
[Round "1"]
[White "Srchesschilango"]
[Black "keshka01"]
[Result "0-1"]
[WhiteElo "2231"]
[BlackElo "2590"]
[TimeControl "180+1"]
[EndTime "10:04:17 PDT"]
[Termination "keshka01 won by resignation"]

1. d4 Nf6 2. c4 e6 3. Nc3 Bb4 4. Qc2 O-O 5. Nf3 d5 6. Bg5 h6 7. Bh4 b6 8. e3 Bb7 9. a3 Be7 10.
Be2 Ne4 11. Bxe7 Qxe7 12. Nxe4 dxe4 13. Nd2 f5 14. O-O Nd7 15. f3 Nf6 16. fxe4 Nxe4 17. Nxe4 Bxe4 18. Qc3 c5 19. Bf3 Bxf3 20. Rxf3 Rac8 21.
b3 Qd6 22. Re1 Rcd8 23. dxc5 Qxc5 24. b4 Qc6 25. Rg3 Rf7 26. c5 bxc5 27. bxc5 Rd5 28.
Rc1 Rc7 29. Qc4 Rxc5 0-1

[Event "*** SCC Grand Prix: Titled Tuesday Blitz"]
[Site "Chess.com"]
[Date "2020.08.11"]
[Round "1"]
[White "Cambek64"]
[Black "Fy_Rakotomaharo"]
[Result "0-1"]
[WhiteElo "2319"]
[BlackElo "2668"]
[TimeControl "180+1"]
[EndTime "10:04:19 PDT"]
[Termination "Fy_Rakotomaharo won by resignation"]

1. e4 c5 2. Nc3 a6 3. f4 b5 4. Nf3 Bb7 5. d3 g6 6. g4 Bg7 7. Bg2 d6 8. O-O Nd7 9. f5 Ne5 10. Bf4 Nxg4 11. fxg6 hxg6 12. Ng5 N8f6 13. e5 dxe5 14.
Bxb7 Qd4+ 15. Kh1 exf4 16. Nf3 Qd8 17. Bc6+ Kf8 18. Bxa8 Qxa8 19. Qe2 Rxh2+ 20. Qxh2 Nxh2 21. Kxh2 Ng4+ 0-1

[Event "*** SCC Grand Prix: Titled Tuesday Blitz"]
[Site "Chess.com"]
[Date "2020.08.11"]
[Round "1"]
[White "Nastya_Rakhmangulova"]
[Black "bascheyaro"]
[Result "0-1"]
[WhiteElo "2349"]
[BlackElo "2701"]
[TimeControl "180+1"]
[EndTime "10:04:23 PDT"]
[Termination "bascheyaro won by resignation"]

1. e4 e6 2. d3 d5 3. Nd2 c5 4. Ngf3 Nc6 5. g3 Nf6 6. Bg2 g6 7. O-O Bg7 8. Re1 O-O 9. Qe2 b5 10. e5 Nd7 11. Nf1 Ndxe5 12. Nxe5 Nxe5 13. c4 bxc4 14. dxc4 Nxc4 15. Ne3 Nxe3 16. Bxe3 Qb6 17. Rac1 Ba6 18.
Bxc5 Bxe2 19. Bxb6 axb6 20. Rxe2 Rxa2 21. Rc6 Rb8 22.
Rcc2 b5 23. b4 Ra4 24. Bf1 Rxb4 25. Rc7 Rb1 26. Ra2 Be5 27. Rd7 b4 28. Raa7 Bd4 29. Rac7 Rf8 30. Kg2 Rb2 31. Bd3 Rxf2+ 32. Kh3 Rd2 33. Bb1 h5 34. g4 Be5 35. Rc2 Rd1 36.
Ba2 b3 0-1

[Event "*** SCC Grand Prix: Titled Tuesday Blitz"]
[Site "Chess.com"]
[Date "2020.08.11"]
[Round "1"]
[White "emperor87"]
[Black "chessfrendz"]
[Result "1-0"]
[WhiteElo "2613"]
[BlackElo "2265"]
[TimeControl "180+1"]
[EndTime "10:04:23 PDT"]
[Termination "emperor87 won by resignation"]

1. Nf3 d5 2. g3 Nf6 3. Bg2 c6 4. O-O Bg4 5. d3 Nbd7 6. Nbd2 e5 7. c4 Bd6 8. h3 Bh5 9. b4 O-O 10. c5 Bc7 11. Rb1 a6 12. e4 Re8 13. Qc2 Nf8 14.
a4 Ne6 15. Bb2 Nd7 16. d4 exd4 17. exd5 Bg6 18. Qb3 cxd5 19. Rbc1 Nb8 20. b5 axb5 21. axb5 Ba5 22. Rfd1 Bc3 23. Bxc3 Nxc5 24. Qb4 Nd3 25. Qxd4 f6 26. Ra1 Rxa1 27. Rxa1 Re4 28. Nxe4 1-0

[Event "*** SCC Grand Prix: Titled Tuesday Blitz"]
[Site "Chess.com"]
[Date "2020.08.11"]
[Round "1"]
[White "Donskov_AN"]
[Black "vrekhson"]
[Result "1-0"]
[WhiteElo "2518"]
[BlackElo "2150"]
[TimeControl "180+1"]
[EndTime "10:04:26 PDT"]
[Termination "Donskov_AN won by resignation"]

1. e4 c5 2. Nf3 a6 3. c3 e6 4.
d4 d5 5. e5 Bd7 6. Bd3 Bb5 7.
Bc2 Ne7 8. a4 Bd7 9. O-O Ng6 10.
g3 Nc6 11. h4 b5 12. h5 Nge7 13. axb5 axb5 14. Rxa8 Qxa8 15. Na3 Na5 16. dxc5 Nc4 17. Nxc4 bxc4 18. Be3 Nc6 19. h6 Qb8 20. Qd2 Nxe5 21. Nxe5 Qxe5 22. Ra1 Qb8 23. Bd4 e5 24. Bxe5 Qb7 25.
hxg7 1-0

[Event "*** SCC Grand Prix: Titled Tuesday Blitz"]
[Site "Chess.com"]
[Date "2020.08.11"]
[Round "1"]
[White "Azoulas1"]
[Black "mbachez"]
[Result "0-1"]
[WhiteElo "2003"]
[BlackElo "2479"]
[TimeControl "180+1"]
[EndTime "10:04:26 PDT"]
[Termination "mbachez won by resignation"]

1. d4 Nf6 2. c4 Nc6 3. Nf3 e6 4. a3 d6 5. Nc3 g6 6. e4 Bg7 7. Be2 O-O 8. O-O e5 9. d5 Nd4 10. b4 Nxe2+ 11. Qxe2 Nh5 12. Be3 f5 13. Rac1 f4 14. Bd2 Bd7 15. c5 Qe8 16. Ne1 g5 17.
f3 Ng3 18. Qf2 Nxf1 19. Qxf1 dxc5 20. bxc5 Rf6 21. Na2 Bf8 22. Nb4 Bb5 23. Qf2 b6 24. c6 a5 25. Nbd3 Bxa3 26. Rb1 Ba6 27. Nc2 Bxd3 28.
Nxa3 Bxb1 29. Nxb1 a4 30. Na3 Qf8 31. Nb5 a3 32. Qe1 a2 33. Qa1 Qc5+ 0-1

[Event "*** SCC Grand Prix: Titled Tuesday Blitz"]
[Site "Chess.com"]
[Date "2020.08.11"]
[Round "1"]
[White "Misticpikachu"]
[Black "Pultis"]
[Result "0-1"]
[WhiteElo "2373"]
[BlackElo "2742"]
[TimeControl "180+1"]
[EndTime "10:04:35 PDT"]
[Termination "Pultis won by resignation"]

1. c4 c5 2. g3 Nf6 3. Bg2 d5 4. Nf3 d4 5. O-O Nc6 6. e3 h6 7.
exd4 cxd4 8. d3 Nd7 9. Re1 a5 10. Nbd2 e5 11. Nxe5 Ncxe5 12. f4 Bb4 13. a3 O-O 14.
fxe5 Bxd2 15. Bxd2 Nc5 16. Bf4 Bf5 17. Bf1 Qb6 18.
Rb1 Qg6 19. e6 fxe6 20. Bd6 Rfc8 21. Bxc5 Rxc5 22. Qf3 Rf8 23. b4 axb4 24. axb4 Bg4 25. Qxf8+ Kxf8 26. bxc5 Bf3 27. Bg2 Bxg2 28. Kxg2 Qxd3 29.
Rf1+ Kg8 30. Rxb7 Qe4+ 0-1

[Event "*** SCC Grand Prix: Titled Tuesday Blitz"]
[Site "Chess.com"]
[Date "2020.08.11"]
[Round "1"]
[White "Kobalia"]
[Black "Sadykov_Ramil"]
[Result "1-0"]
[WhiteElo "2791"]
[BlackElo "2397"]
[TimeControl "180+1"]
[EndTime "10:04:38 PDT"]
[Termination "Kobalia won by resignation"]

1. e4 c5 2. Nf3 d6 3. Bb5+ Nd7 4. O-O a6 5. Bd3 g6 6. c3 Bg7 7. Bc2 Ngf6 8. d4 b5 9. e5 dxe5 10. dxe5 Ng4 11. e6 fxe6 12. Ng5 Nde5 13. Qxd8+ Kxd8 14. h3 h6 15. Ne4 Nf6 16. Nxc5 g5 17. Re1 Nd5 18. Nd2 Kc7 19. Ndb3 Rf8 20. a4 bxa4 21.
Rxa4 Rb8 22. Nxa6+ Bxa6 23. Rxa6 Rb6 24. Ra7+ Rb7 25.
Rxb7+ Kxb7 26. Nc5+ 1-0

[Event "*** SCC Grand Prix: Titled Tuesday Blitz"]
[Site "Chess.com"]
[Date "2020.08.11"]
[Round "1"]
[White "GukeshDommaraju"]
[Black "ZverevLev"]
[Result "1-0"]
[WhiteElo "2638"]
[BlackElo "2293"]
[TimeControl "180+1"]
[EndTime "10:04:40 PDT"]
[Termination "GukeshDommaraju won by resignation"]

1. e4 e5 2. Nf3 Nc6 3. Bb5 a6 4. Ba4 Nf6 5. O-O Be7 6. Re1 b5 7. Bb3 d6 8. c3 O-O 9. h3 Na5 10. Bc2 c5 11. d4 cxd4 12. cxd4 Bb7 13. Nbd2 Rc8 14. d5 Nc4 15. Nf1 Nb6 16. Bd3 Nfd7 17.
Ng3 g6 18. b3 Re8 19. Be3 Bf8 20. Qd2 Bg7 21. Rac1 Rf8 22. Rxc8 Qxc8 23. Rc1 Qd8 24. Qb4 Nb8 25. a4 f5 26. a5 Nc8 27.
exf5 Bxd5 28. fxg6 hxg6 29. Bxg6 Nc6 30. Qg4 Qf6 31.
Nh5 Qe6 32. Bh7+ Kf7 33. Ng5+ 1-0

[Event "*** SCC Grand Prix: Titled Tuesday Blitz"]
[Site "Chess.com"]
[Date "2020.08.11"]
[Round "1"]
[White "hongnhung1234"]
[Black "GoltsevDmitry2000"]
[Result "0-1"]
[WhiteElo "2239"]
[BlackElo "2594"]
[TimeControl "180+1"]
[EndTime "10:04:41 PDT"]
[Termination "GoltsevDmitry2000 won by checkmate"]

1. e4 c5 2. Nc3 e6 3. f4 Nc6 4. Nf3 a6 5. a4 Nf6 6. d3 d5 7. e5 Nd7 8. g3 Be7 9. Bg2 Rb8 10. O-O b5 11. axb5 axb5 12. Qe2 b4 13. Nd1 Nb6 14. Nf2 c4 15. dxc4 Nxc4 16. Nd3 Qb6+ 17. Kh1 Ba6 18. b3 Na3 19. Qd1 O-O 20. f5 exf5 21. Ng5 h6 22. Nh3 Nd4 23. Nxb4 Bxf1 24.
Bxf1 Bxb4 25. Bxa3 Bxa3 26. Rxa3 Qc5 27. Ra4 Nxc2 28.
Nf4 Ne3 29. Qe1 Rxb3 30. Be2 Rc3 31. Nd3 Qc6 32. Ra1 d4+ 33. Kg1 Qg2# 0-1

[Event "*** SCC Grand Prix: Titled Tuesday Blitz"]
[Site "Chess.com"]
[Date "2020.08.11"]
[Round "1"]
[White "icychess54"]
[Black "Timerkhanov"]
[Result "0-1"]
[WhiteElo "2223"]
[BlackElo "2586"]
[TimeControl "180+1"]
[EndTime "10:04:42 PDT"]
[Termination "Timerkhanov won by checkmate"]

1. c4 c6 2. Nf3 Nf6 3. e3 d5 4.
Nc3 Bf5 5. b3 e6 6. Bb2 Nbd7 7.
Be2 Bd6 8. O-O O-O 9. cxd5 exd5 10. Nd4 Bg6 11. f4 Nc5 12. f5 Nfe4 13. Nxe4 Nxe4 14. fxg6 Bxh2+ 15. Kxh2 Qh4+ 16. Kg1 Ng3 17. Rxf7 hxg6 18.
Rxg7+ Kh8 19. Nf3 Qh1+ 20. Kf2 Ne4# 0-1

[Event "*** SCC Grand Prix: Titled Tuesday Blitz"]
[Site "Chess.com"]
[Date "2020.08.11"]
[Round "1"]
[White "BikingBrian"]
[Black "pedromartinez91"]
[Result "0-1"]
[WhiteElo "2200"]
[BlackElo "2561"]
[TimeControl "180+1"]
[EndTime "10:04:43 PDT"]
[Termination "pedromartinez91 won by resignation"]

1. d4 d5 2. Bf4 c6 3. e3 Nf6 4.
c4 g6 5. Nc3 Bg7 6. h3 O-O 7.
Nf3 Ne4 8. Bd3 Nxc3 9. bxc3 Be6 10. cxd5 cxd5 11. O-O Nc6 12. e4 dxe4 13. Bxe4 Bd5 14. Bd3 Rc8 15. Be3 Qa5 16. Rc1 Qa3 17. c4 Bxf3 18.
gxf3 Bxd4 19. Bh6 Bg7 20. Bxg7 Kxg7 21. Re1 Rfd8 22. Qc2 Qxd3 23. Qxd3 Rxd3 0-1